[Event "Match Czechia vs Poland 2020"]
[Site "Zlin"]
[Date "2020.09.17"]
[Round "4.1"]
[White "Babula, Vlastimil"]
[Black "Piorun, Kacper"]
[Result "1/2-1/2"]
[ECO "E53"]
[WhiteElo "2571"]
[BlackElo "2596"]
[Annotator "ChessBase"]
[PlyCount "53"]
[EventDate "2020.09.14"]
[EventType "schev"]
[EventCountry "CZE"]
[WhiteTeam "Czech Republic"]
[BlackTeam "Poland"]
[WhiteTeamCountry "CZE"]
[BlackTeamCountry "POL"]
[TimeControl "40/5400+30:1800+30"]

1. d4 Nf6 2. c4 e6 3. Nc3 Bb4 4. e3 O-O 5. Bd3 d5 6. Nf3 c5 7. cxd5 exd5 8. dxc5 Nbd7 9. Bd2 Nxc5 10. Be2 Ne6 11. a3 Bd6 12. Nb5 Bb8 13. Bc3 Ne4 14. Rc1 Re8 15. O-O a6 16. Nbd4 N6c5 17. Bb4 Bd6 18. Nd2 b6 19. Nxe4 dxe4 20. Nb3 Nxb3 21. Qxb3 Be6 22. Qc3 Rc8 23. Qd4 Bxb4 24. Qxb4 a5 25. Qxe4 Qd2 26. Rxc8 Rxc8 27. Bg4 1/2-1/2

[Event "Match Czechia vs Poland 2020"]
[Site "Zlin"]
[Date "2020.09.17"]
[Round "4.3"]
[White "Kriebel, Tadeas"]
[Black "Sadzikowski, Daniel"]
[Result "1/2-1/2"]
[ECO "B11"]
[WhiteElo "2519"]
[BlackElo "2527"]
[Annotator "ChessBase"]
[PlyCount "75"]
[EventDate "2020.09.14"]
[EventType "schev"]
[EventCountry "CZE"]
[WhiteTeam "Czech Republic"]
[BlackTeam "Poland"]
[WhiteTeamCountry "CZE"]
[BlackTeamCountry "POL"]
[TimeControl "40/5400+30:1800+30"]

1. e4 c6 2. Nc3 d5 3. Nf3 Bg4 4. h3 Bxf3 5. Qxf3 Nf6 6. Be2 e6 7. O-O dxe4 8. Nxe4 Nbd7 9. d4 Nxe4 10. Qxe4 Nf6 11. Qe3 g6 12. c4 Bg7 13. Bd2 O-O 14. Bc3 a5 15. a4 Qc7 16. Rfd1 Rfd8 17. Bf3 Ne8 18. b3 Rd7 19. d5 Bxc3 20. dxc6 Rxd1+ 21. Rxd1 Qe5 22. cxb7 Rb8 23. c5 Kf8 24. c6 Qxe3 25. fxe3 Nc7 26. Rd7 Be5 27. Be2 Ne8 28. b4 Bc7 29. bxa5 Bxa5 30. Kf2 Kg7 31. Kf3 h5 32. Bc4 Kf6 33. Ke4 Nc7 34. Kd4 Bb6+ 35. Kc3 Ba5+ 36. Kd4 Bb6+ 37. Kc3 Ba5+ 38. Kd4 1/2-1/2

[Event "Match Czechia vs Poland 2020"]
[Site "Zlin"]
[Date "2020.09.17"]
[Round "4.4"]
[White "Janik, Igor"]
[Black "Nguyen, Thai Dai Van"]
[Result "1-0"]
[ECO "A13"]
[WhiteElo "2470"]
[BlackElo "2569"]
[Annotator "RC"]
[PlyCount "83"]
[EventDate "2020.09.14"]
[EventType "schev"]
[EventCountry "CZE"]
[WhiteTeam "Poland"]
[BlackTeam "Czech Republic"]
[WhiteTeamCountry "POL"]
[BlackTeamCountry "CZE"]
[TimeControl "40/5400+30:1800+30"]

1. c4 e6 2. Nf3 d5 3. g3 Nf6 4. Bg2 d4 5. O-O Nc6 6. d3 Bc5 7. Na3 O-O 8. Nc2 e5 9. b4 Nxb4 10. Nxb4 Bxb4 11. Nxe5 Re8 12. Nf3 Bc5 13. Rb1 Rb8 14. Re1 b6 15. Nd2 Bg4 16. h3 Be6 17. Nb3 Bf8 18. Bf4 Nh5 19. Be5 Bxh3 20. Bxd4 Bg4 21. Qd2 a5 22. Bc3 c5 23. e4 g6 24. Na1 Rb7 25. Nc2 Rd7 26. Ne3 Rxd3 27. Qc2 Be6 28. Nd5 Rd4 29. Bxd4 cxd4 30. Bf3 Nf6 31. Qd2 Bc5 32. Kg2 Nd7 33. Rh1 h5 34. Bxh5 gxh5 35. Rxh5 Bf8 36. Rbh1 Bg7 37. Rh7 f6 38. Rxg7+ Kxg7 39. Qh6+ Kf7 40. Qh7+ Kf8 41. Qh8+ Bg8 42. Rh7 1-0

[Event "Match Czechia vs Poland 2020"]
[Site "Zlin"]
[Date "2020.09.17"]
[Round "4.5"]
[White "Teclaf, Pawel"]
[Black "Krejci, Jan"]
[Result "1/2-1/2"]
[ECO "C88"]
[WhiteElo "2464"]
[BlackElo "2543"]
[Annotator "ChessBase"]
[PlyCount "50"]
[EventDate "2020.09.14"]
[EventType "schev"]
[EventCountry "CZE"]
[WhiteTeam "Poland"]
[BlackTeam "Czech Republic"]
[WhiteTeamCountry "POL"]
[BlackTeamCountry "CZE"]
[TimeControl "40/5400+30:1800+30"]

1. e4 e5 2. Nf3 Nc6 3. Bb5 a6 4. Ba4 Nf6 5. O-O Be7 6. Re1 b5 7. Bb3 d6 8. a4 b4 9. a5 O-O 10. d3 Be6 11. Nbd2 Rb8 12. Bc4 Qc8 13. Nf1 h6 14. Ne3 Re8 15. Nd5 Bd8 16. c3 bxc3 17. bxc3 Bxd5 18. Bxd5 Nxd5 19. exd5 Ne7 20. c4 Ng6 21. Nd4 Bg5 22. Nc6 Rb7 23. g3 Qf5 24. Qe2 Bxc1 25. Raxc1 Ne7 1/2-1/2